 Dungeon Crawl Stone Soup version 0.29.0-4-gdea44cf6ec (webtiles) character file.

Game seed: 8414391085303695288

88 qw the Chopper (level 4, -1/26 HPs)
             Began as a Tengu Warper on Aug 29, 2022.
             Slain by an adder (3 damage)
             ... on level 3 of the Dungeon.
             The game lasted 00:00:19 (3596 turns).

qw the Chopper (Tengu Warper)                       Turns: 3596, Time: 00:00:19

Health: -1/26      AC:  5    Str: 13    XL:     4   Next: 53%
Magic:  8/8        EV: 11    Int: 13    God:
Gold:   129        SH:  0    Dex: 14    Spells: 7/7 levels left

rFire   . . .      SeeInvis .   Y - +0 hand axe
rCold   . . .      Faith    .   (no shield)
rNeg    . . .      Spirit   .   d - +0 ring mail
rPois   .          Reflect  .   (helmet restricted)
rElec   .          Harm     .   (no cloak)
rCorr   .          Rampage  .   (no gloves)
Will    .....                   (boots unavailable)
Stlth   +.........              (no amulet)
HPRegen 0.08/turn               (no ring)
MPRegen 0.11/turn               (no ring)

@: lethally poisoned (-1 -> -10), about to teleport
A: beak, talons 3
a: no special abilities


You were on level 3 of the Dungeon.
You visited 1 branch of the dungeon, and saw 3 of its levels.

You collected 129 gold pieces.


Innate Abilities, Weirdness & Mutations

You have a beak for a mouth.
You have claws for feet.


   Skills:
 - Level 2.0 Fighting
 + Level 5.1 Axes
 - Level 1.0 Throwing
 - Level 1.1 Armour
 - Level 2.1 Dodging
 - Level 2.0 Spellcasting
 - Level 2.4 Translocations


You had 7 spell levels left.
You didn't know any spells.
Your spell library contained the following spells:

 Spells                   Type           Power      Damage    Failure   Level
 Blink                    Tloc           14%        N/A       30%         2
 Gell's Gravitas          Tloc           7%         N/A       52%         3
 Lesser Beckoning         Tloc           7%         N/A       52%         3
 Teleport Other           Tloc           7%         N/A       52%         3
 Manifold Assault         Tloc           7%         N/A       99%         5

Inventory:

Hand Weapons
 a - a +0 whip
 Y - a +0 hand axe (weapon)
Armour
 b - a +0 scale mail
 d - a +0 ring mail (worn)
Scrolls
 f - 2 scrolls of identify
 k - a scroll of teleportation
Potions
 e - 2 potions of heal wounds
 g - a potion of mutation {unknown}
 h - 3 potions of curing
 i - a potion of degeneration {unknown}

Dungeon Overview and Level Annotations

Branches:
Dungeon (3/15)

Altars:


Message History

The adder bites you but does no damage. The adder barely misses you.
You hit the adder but do no damage. You claw the adder.
The adder is almost dead.
The adder bites you but does no damage.
You barely miss the adder. Your kick misses the adder.
The adder is almost dead.
The adder barely misses you.
You miss the adder.
The adder is almost dead.
The adder bites you.
You are poisoned.
The adder poisons you! The adder bites you.
You are more poisoned.
The adder poisons you!
You hit the adder but do no damage.
The adder is almost dead.
You feel very sick. The adder barely misses you.
You completely miss the adder. Your peck misses the adder.
The adder is almost dead.
You feel sick. The adder bites you. The adder bites you but does no damage.
You miss the adder. Your peck misses the adder.
The adder is almost dead.
You feel sick. The adder bites you but does no damage.
You miss the adder. Your kick misses the adder.
The adder is almost dead.
You feel sick. The adder bites you.
You are lethally poisoned!
The adder poisons you!
You closely miss the adder. Your kick misses the adder.
Your peck misses the adder.
The adder is almost dead.
You feel sick. The adder completely misses you. The adder bites you.
You are more poisoned.
The adder poisons you!
3596 ||| READING 2 scrolls of teleportation.
As you read the scroll of teleportation, it crumbles to dust.
You feel strangely unstable.
You feel sick. The adder bites you.
You die...

###.................#
#.+......)..........##
#.#...................
#.#...................
#.#...........<...##.
#.#.....##.#.#..###
#>................
####.#######.###..#.#
#....%.@.# #.# .....#
#....###S............
#....# #....##+##.###
###### ...#.. .. ..# .
..# .. ..$


You could see an adder.

Vanquished Creatures
  2 adders (D:2)
  A worm (D:2)
  A dart slug (D:2)
  6 bats
  5 endoplasms
  A giant cockroach (D:1)
  9 goblins
  4 hobgoblins
  6 jackals
  A quokka (D:1)
  9 ball pythons
  2 frilled lizards
  7 kobolds
  3 rats
57 creatures vanquished.

Vanquished Creatures (others)
  4 demonic plants (D:1)
  A fungus (D:1)
  A plant (D:1)
  3 withered plants (D:1)
9 creatures vanquished.

Grand Total: 66 creatures vanquished

Notes
Turn   | Place    | Note
-------+----------+-------------------------------------------
     0 | D:1      | qw the Tengu Warper began the quest for the Orb.
     0 | D:1      | Reached XP level 1. HP: 12/12 MP: 4/4
     0 | D:1      | 0 ||| qw: Version: 0.1-a-89-g26bdef1
     0 | D:1      | 0 ||| qw: Game counter: 3488
     0 | D:1      | 0 ||| qw: Always use a shield: true
     0 | D:1      | 0 ||| qw: God list: Okawaru
     0 | D:1      | 0 ||| qw: Allow faded altars: false
     0 | D:1      | 0 ||| qw: Do Orc after D:15 true
     0 | D:1      | 0 ||| qw: Do second Lair branch before Depths: true
     0 | D:1      | 0 ||| qw: Lair rune preference: random
     0 | D:1      | 0 ||| qw: Plans: Normal
     0 | D:1      | 0 ||| PLANNING D:1-11
   162 | D:1      | Reached skill level 3 in Axes
   162 | D:1      | Reached XP level 2. HP: 17/17 MP: 6/6
   492 | D:1      | Found a faded altar of an unknown god.
   594 | D:1      | 594 ||| READING scroll labelled WAKKAD KUNU.
   595 | D:1      | 595 ||| DROPPING scroll of blinking.
   723 | D:1      | 723 ||| DROPPING +0 club.
   771 | D:1      | Reached XP level 3. HP: 18/21 MP: 7/7
   881 | D:1      | 881 ||| Stepping ~*~*~tactically~*~*~ (stealth).
  1068 | D:1      | Reached skill level 4 in Axes
  1112 | D:1      | 1112 ||| Stepping ~*~*~tactically~*~*~ (stealth).
  1241 | D:1      | 1241 ||| Stepping ~*~*~tactically~*~*~ (stealth).
  1625 | D:1      | 1625 ||| UPGRADING to +0 ring mail.
  1635 | D:1      | 1635 ||| DROPPING +0 leather armour.
  1636 | D:1      | 1636 ||| READING scroll labelled XEICKA GEUT.
  1637 | D:1      | 1637 ||| READING 2 scrolls labelled MIRETS AJAD.
  1638 | D:1      | 1638 ||| READING scroll labelled TOARIUXONUD.
  2093 | D:2      | 2093 ||| Stepping ~*~*~tactically~*~*~ (stealth).
  2363 | D:2      | 2363 ||| FLEEEEING.
  2372 | D:2      | 2372 ||| FLEEEEING.
  2373 | D:2      | 2373 ||| FLEEEEING.
  2374 | D:2      | 2374 ||| FLEEEEING.
  2375 | D:2      | 2375 ||| FLEEEEING.
  2376 | D:2      | 2376 ||| FLEEEEING.
  2388 | D:2      | 2388 ||| FLEEEEING.
  2389 | D:2      | 2389 ||| FLEEEEING.
  2390 | D:2      | 2390 ||| FLEEEEING.
  2391 | D:2      | 2391 ||| FLEEEEING.
  2392 | D:2      | 2392 ||| FLEEEEING.
  2393 | D:2      | 2393 ||| FLEEEEING.
  2394 | D:2      | 2394 ||| FLEEEEING.
  2395 | D:2      | 2395 ||| FLEEEEING.
  2396 | D:2      | 2396 ||| FLEEEEING.
  2397 | D:2      | 2397 ||| FLEEEEING.
  2398 | D:2      | 2398 ||| FLEEEEING.
  2399 | D:2      | 2399 ||| FLEEEEING.
  2400 | D:2      | 2400 ||| FLEEEEING.
  2401 | D:2      | 2401 ||| FLEEEEING.
  2402 | D:2      | 2402 ||| FLEEEEING.
  2403 | D:2      | 2403 ||| FLEEEEING.
  2409 | D:2      | 2409 ||| FLEEEEING.
  2413 | D:2      | 2413 ||| FLEEEEING.
  2414 | D:2      | 2414 ||| FLEEEEING.
  2415 | D:2      | 2415 ||| FLEEEEING.
  2416 | D:2      | 2416 ||| FLEEEEING.
  2417 | D:2      | 2417 ||| FLEEEEING.
  2418 | D:2      | 2418 ||| FLEEEEING.
  2419 | D:2      | 2419 ||| FLEEEEING.
  2420 | D:2      | 2420 ||| FLEEEEING.
  2424 | D:2      | 2424 ||| STAIRDANCE
  2493 | D:1      | 2493 ||| READING scroll labelled TYLAWU XAECY.
  2494 | D:1      | 2494 ||| READING scroll labelled GIEQUG BIDGHIMA.
  2495 | D:1      | 2495 ||| DRINKING 2 fizzy black potions.
  2499 | D:2      | 2499 ||| Stepping ~*~*~tactically~*~*~ (hiding).
  2503 | D:2      | Reached XP level 4. HP: 19/26 MP: 8/8
  2991 | D:2      | 2991 ||| Stepping ~*~*~tactically~*~*~ (stealth).
  3029 | D:2      | 3029 ||| Stepping ~*~*~tactically~*~*~ (stealth).
  3277 | D:2      | Reached skill level 5 in Axes
  3367 | D:2      | 3367 ||| READING scroll labelled YMIOCW YCKYO.
  3468 | D:2      | 3468 ||| READING scroll labelled ISIFUC HUHAIMM.
  3469 | D:2      | 3469 ||| DRINKING 2 viscous black potions.
  3488 | D:2      | 3488 ||| DRINKING 3 coppery potions.
  3489 | D:2      | 3489 ||| READING 2 scrolls of identify.
  3489 | D:2      | 3489 ||| IDENTIFYING blue potion
  3490 | D:2      | 3490 ||| DROPPING potion of ambrosia.
  3491 | D:2      | 3491 ||| DROPPING potion of lignification.
  3575 | D:3      | 3575 ||| Stepping ~*~*~tactically~*~*~ (stealth).
  3595 | D:3      | HP: 6/26 [poisoned by an adder]
  3596 | D:3      | 3596 ||| READING 2 scrolls of teleportation.
  3596 | D:3      | HP: 2/26 [poisoned by an adder]
  3596 | D:3      | Slain by an adder

Levels and vault maps discovered:
D:1:      lemuel_arrival_lava_pool, layout_loops_corners,
          shapermc_ecumenical_altar_gd, roderic_lattice_a, columned_hall_lemuel,
          roderic_three_in_a_row, hex_medium, minmay_pentomino_t4
D:2:      layout_basic, minmay_fractal_squares_gapless_5
D:3:      layout_basic, mainiacjoe_overflow_alcove_4, serial_aquarium,
          aquarium_bridge_straight [aquarium_subvault_bridge,
          aquarium_subvault_window, aquarium_subvault_bridge,
          aquarium_subvault_window], aquarium_window_1,
          aquarium_window_corridor_2, aquarium_view_2b, chequers_big_river,
          mrwooster_statue_mirror, kennysheep_flooded_box,
          minmay_stone_trees_small, kennysheep_generic_room_11, uniq_grinder,
          uniq_jessica

Skill      XL: |  1  2  3  4 |
---------------+-------------+-----
Axes           | 3 4 5 |  5.1
Fighting       | |  2.0
Throwing       | |  1.0
Armour         | |  1.1
Dodging        | |  2.1
Spellcasting   | |  2.0
Translocations | |  2.4

Action                   |  1- 3 |  4- 6 || total
-------------------------+-------+-------++-------
Melee: Hand axe          |   111 |    48 ||   159
       Peck              |    13 |     8 ||    21
       Kick              |    31 |     9 ||    40
Throw: Boomerang         |     7 |       ||     7
  Use: Scroll            |     6 |     4 ||    10
       Potion            |     1 |     2 ||     3
Armor: Leather armour    |    23 |       ||    23
       Ring mail         |     9 |    15 ||    24
Dodge: Dodged            |    62 |    15 ||    77

Table legend:
 A = Non-vault XP
 B = Vault XP
 C = Vault XP percentage of total XP
 D = Non-vault monster count
 E = Vault monster count
 F = Vault count percentage of total count
                 A         B        C        D         E       F
            +---------+---------+-------+---------+---------+-------
      Total |     113 |      13 |  10.3 |      51 |       6 |  10.5
            +---------+---------+-------+---------+---------+-------
        D:1 |      50 |       4 |   7.4 |      28 |       3 |   9.7
        D:2 |      54 |       9 |  14.3 |      18 |       3 |  14.3
        D:3 |       9 |       0 |   0.0 |       5 |       0 |   0.0
            +---------+---------+-------+---------+---------+-------
